 Dungeon Crawl Stone Soup version 0.31-a0-983-g7b6862f502 (webtiles) character file.

Game seed: 1489502346818673394

2049 croobank the Insei (level 8, -11/67 HPs)
             Began as a Demigod Shapeshifter on Nov 2, 2023.
             Mangled by an orc warrior
             ... wielding a +0 dire flail
              (19 damage)
             ... on level 7 of the Dungeon on Nov 3, 2023.
             The game lasted 01:02:37 (5607 turns).

croobank the Insei (Demigod Shapeshifter)           Turns: 5607, Time: 01:02:38

Health: -11/67     AC:  3    Str: 15    XL:     8   Next: 75%
Magic:  10/10      EV: 14    Int: 16    God:
Gold:   575        SH:  5    Dex: 17    Spells: 7/7 levels left

rFire   . .          .
                       - Unarmed
rCold   . . .        (no shield)
rNeg    . . .        l - +0 leather armour
rPois   .            (helmet currently unavailable)
rElec   .            (cloak currently unavailable)
rCorr   .            (gloves currently unavailable)
SInv    .            (boots currently unavailable)
Will    .....        p - amulet of reflection
Stlth   +            k - +4 ring of slaying
HPRegen 0.31/turn    t - +4 ring of slaying
MPRegen 0.12/turn

%: reflection
@: about to teleport, beast-form
A: beast (slay +2), high MP 1, forlorn, divine attributes
a: Begin Untransformation


You were on level 7 of the Dungeon.
You were a hulking beast.
You visited 1 branch of the dungeon, and saw 7 of its levels.
You also visited: Ossuary.

You collected 575 gold pieces.

Inventory:

Hand Weapons
 a - a +5 vampiric dagger
 b - a +0 orcbow
 j - a +1 heavy war axe
 H - a +5 spear of freezing
Missiles
 n - 6 boomerangs
 x - 4 curare-tipped darts
 y - 25 poisoned darts
Armour
 l - a +0 leather armour (worn)
 G - a +0 ring mail
Jewellery
 k - a +4 ring of slaying (left hand)
 p - an amulet of reflection (around neck)
 t - a +4 ring of slaying (right hand)
 F - a ring of protection from cold
Talismans
 c - a beast talisman
 d - a flux talisman
Wands
 g - a wand of mindburst (6)
Scrolls
 h - a scroll of immolation
 v - a scroll of noise
Potions
 e - 2 potions of lignification
 f - 2 potions of enlightenment
 m - 3 potions of curing
 o - a potion of attraction
 r - 4 potions of brilliance {unknown}
 s - a potion of cancellation {unknown}
 u - a potion of might {unknown}
 w - 4 potions of heal wounds {unknown}
 z - a potion of invisibility {unknown}
 A - 2 potions of mutation {unknown}
 C - a potion of haste {unknown}
 D - 3 potions of resistance
 E - 2 potions of magic {unknown}


   Skills:
 + Level 4.8 Fighting
 * Level 1.6 Short Blades
 - Level 4.0 Ranged Weapons
 * Level 1.6 Armour
 + Level 5.0 Dodging
 - Level 5.3 Unarmed Combat
 + Level 5.1 Shapeshifting


You had 7 spell levels left.
You didn't know any spells.
Your spell library contained the following spells:

 Spells                   Type           Power      Damage    Failure   Level
 Sandblast                Erth           0%         2d4       30%         1
 Cigotuvi's Dreadful Rot  Necr/Pois/Air  0%         N/A       43%         2
 Passwall                 Tmut/Erth      0%         N/A       43%         2
 Scorch                   Fire           0%         2d5       43%         2
 Ignite Poison            Fire/Tmut/Pois 0%         N/A       67%         3
 Stone Arrow              Conj/Erth      0%         3d7       67%         3
 Brom's Barrelling Bould  Conj/Erth      0%         2d3       97%         4
 Flame Wave               Conj/Fire      0%         2d4       97%         4
 Sticky Flame             Conj/Fire      0%         2d3       97%         4
 Freezing Cloud           Conj/Ice/Air   0%         6-21      100%        5
 Summon Cactus Giant      Summ           0%         N/A       100%        6
 Ignition                 Fire           0%         3d3       100%        8


Dungeon Overview and Level Annotations

Branches:
Dungeon (7/15)             Temple (0/1) D:6         Ossuary (visited)


Innate Abilities, Weirdness & Mutations

You are a hulking beast.
Your limbs bulge with bestial killing power. (Slay +2)
You have an increased reservoir of magic. (+10% MP)
You shall have no god before yourself.
Your divine heritage dramatically boosts your attributes as you level up.


Message History

The orc shouts!
You punch Maggie!
Maggie is moderately wounded.
You feel sick. Maggie hits you with a +0 long sword!
An orc comes into view. It is wielding a +0 club.
You punch Maggie!
Maggie is heavily wounded.
You feel sick. Maggie completely misses you.
Aiming: Mindburst
Press: ? - help, Shift-Dir - straight line, f - Maggie
Aim: Maggie, wielding a +0 long sword and wearing +0 swamp dragon scales (heavily wounded, mesmerising, chance to affect: 64%) Maggie's mind is blasted!
You feel sick. Maggie hits you with a +0 long sword.
* * * LOW HITPOINT WARNING * * *
Aiming: Mindburst
Press: ? - help, Shift-Dir - straight line, f/p - Maggie
Aim: Maggie, wielding a +0 long sword and wearing +0 swamp dragon scales (severely wounded, mesmerising, chance to affect: 64%) Maggie's mind is blasted!
You are no longer entranced.
You blow up Maggie!
You feel sick.
Your Short Blades skill increases to level 1!
Your Armour skill increases to level 1!
Your Dodging skill increases to level 5!
Okay, then.
As you read the scroll labelled BYEDA BAUBUAKO, it crumbles to dust.
You feel strangely unstable.
It was a scroll of teleportation.
You feel sick. You block the orc warrior's attack.
You feel sick.
You are no longer poisoned.
The orc warrior attacks as it pursues you!
The orc warrior hits you with a +0 dire flail.
* * * LOW HITPOINT WARNING * * *
Things that are here:
a +0 hand axe; an orc corpse The orc warrior attacks as it pursues you!
The orc warrior hits you with a +0 dire flail!
* * * LOW HITPOINT WARNING * * *
You feel better.
The orc warrior hits you with a +0 dire flail!!
You die...

........#########
.###.##<........#
.# #.##..######[##
.###.##..##......#
.##..>......###..#
.##...#..######..#
.................#
........########.#
####.#### #h# #.#
#o# #.# #o# #+#
#.o.# .....#
#.#...# ....####
#.#.. '.. ..


You could see an orc warrior and 2 orcs.

Vanquished Creatures
  Maggie (D:7)
  2 water moccasins
  An ice beast (D:6)
  A black bear (D:5)
  A centaur (D:4)
  An ogre (D:5)
  A phantom (D:5)
  A kobold brigand (D:6)
  A scorpion (D:6)
  5 wights (D:6)
  2 jellies (D:6)
  4 hounds
  Jessica (D:2)
  4 iguanas
  A sleepcap (D:6)
  8 mummies (Ossuary)
  10 gnolls
  7 adders
  A shadow imp (D:6)
  A white imp (D:6)
  6 ufetubi (D:6)
  A worm (D:5)
  3 dart slugs
  10 orcs
  6 endoplasms
  3 giant cockroaches
  7 goblins
  8 hobgoblins
  7 jackals
  2 quokkas
  5 ball pythons
  4 bats
  5 frilled lizards
  2 gnoll zombies (Ossuary)
  3 hobgoblin zombies (Ossuary)
  16 kobolds
  3 kobold zombies (Ossuary)
  5 rats
150 creatures vanquished.

Notes
Turn   | Place    | Note
-------+----------+-------------------------------------------
     0 | D:1      | croobank the Demigod Shapeshifter began the quest for the
                  | Orb.
     0 | D:1      | Reached XP level 1. HP: 15/15 MP: 3/3
   106 | D:1      | Reached skill level 1 in Fighting
   361 | D:1      | Reached XP level 2. HP: 23/23 MP: 4/4
   934 | D:2      | Reached skill level 1 in Ranged Weapons
   934 | D:2      | Reached XP level 3. HP: 22/28 MP: 5/5
  1237 | D:2      | Noticed Jessica
  1238 | D:2      | Killed Jessica
  1633 | D:2      | Reached XP level 4. HP: 36/36 MP: 6/6
  2399 | D:4      | Found a sand-covered staircase.
  2416 | Ossuary  | Entered an ossuary
  2455 | Ossuary  | Reached XP level 5. HP: 41/41 MP: 7/7
  3043 | D:4      | You fall into a shaft and drop 2 floors!
  3059 | D:5      | Entered Level 5 of the Dungeon
  3090 | D:5      | Reached XP level 6. HP: 44/50 MP: 8/8
  3746 | D:5      | Noticed a water moccasin
  3749 | D:5      | Killed a water moccasin
  3750 | D:5      | Reached XP level 7. HP: 57/57 MP: 9/9
  4489 | D:6      | Reached XP level 8. HP: 51/66 MP: 10/10
  4604 | D:6      | Found a staircase to the Ecumenical Temple.
  4820 | D:6      | Reached skill level 5 in Unarmed Combat
  5129 | D:6      | Reached skill level 5 in Shapeshifting
  5585 | D:7      | Noticed Maggie
  5603 | D:7      | Killed Maggie
  5604 | D:7      | Reached skill level 1 in Short Blades
  5604 | D:7      | Reached skill level 1 in Armour
  5604 | D:7      | Reached skill level 5 in Dodging
  5606 | D:7      | HP: 3/67 [orc warrior/+0 dire flail (10)]
  5607 | D:7      | Mangled by an orc warrior

Illustrated notes

Levels and vault maps discovered:
D:1:      tarquinn_simple_flora_water_e, layout_loops_ring,
          ebering_ecumenical_altar_sacrificial
D:2:      layout_basic, amcnicky_mini_rare_corridor_liquid, grunt_ministairs_8,
          uniq_jessica
D:3:      layout_rooms, mainiacjoe_overflow_cross_hatched
D:4:      layout_basic, overflow_temple_1_default,
          nicolae_ossuary_entry_monument
D:5:      layout_basic
D:6:      layout_basic, chequers_temple_overflow_statue_of_worship,
          temple_pool_b
D:7:      layout_loops_corners, dilly_guarded_unrand_morg, uniq_maggie

Skill      XL: |  1  2  3  4  5  6  7  8 |
---------------+-------------------------+-----
Fighting       | 1 2 3 4 |  4.8
Dodging        | 2 3 4 5 |  5.0
Ranged Weapons | 1 2 3 4 |  4.0
Unarmed Combat | 3 4 5 |  5.3
Shapeshifting  | 3 4 5 |  5.1
Short Blades   | 1 |  1.6
Armour         | 1 |  1.6

Action                     |  1- 3 |  4- 6 |  7- 9 || total
---------------------------+-------+-------+-------++-------
  Melee: Unarmed           |    17 |       |    83 ||   100
         Dagger            |     8 |    48 |     9 ||    65
         Punch             |       |       |     1 ||     1
   Fire: Orcbow            |    67 |    82 |    63 ||   212
  Evoke: Wand              |       |       |     3 ||     3
    Use: Scroll            |     3 |     7 |     4 ||    14
         Potion            |       |       |     1 ||     1
   Stab: Sleeping          |       |     1 |       ||     1
 Armour: Animal skin       |    18 |       |       ||    18
         Leather armour    |     7 |    28 |    68 ||   103
  Dodge: Dodged            |    27 |    41 |    79 ||   147
  Block: Other             |       |       |    25 ||    25

Table legend: (Time is in decaauts)
 A = Elapsed time spent in this place.
 B = Non-inter-level travel time spent in this place.
 C = Inter-level travel time spent in this place.
 D = Time resting spent in this place.
 E = Time spent auto-exploring this place.
 F = Levels seen in this place.
 G = Mean time per level.
                   A        B        C        D        E       F      G
               +--------+--------+--------+--------+--------+-----+--------+
         Total |   5673 |   5478 |    195 |   1204 |   3086 |   8 |  709.1 |
       Dungeon |   5335 |   5140 |    195 |   1091 |   3011 |   7 |  762.1 |
       Ossuary |    337 |    337 |      0 |    113 |     75 |   1 |  337.0 |
               +--------+--------+--------+--------+--------+-----+--------+

Top non-repeatable levels by time:
     D:6: 1303 daAuts
     D:2: 957 daAuts
     D:1: 882 daAuts
     D:4: 879 daAuts
     D:5: 777 daAuts
     D:3: 464 daAuts
 Ossuary: 337 daAuts
     D:7: 71 daAuts
